 Dungeon Crawl Stone Soup version bcrawl-1.19.2-6-g6a88ae04c9 (webtiles) character file.

Game seed: 1943144014238009874

6183 Mrkan the Grappler (level 10, -3/104 HPs)
             Began as a Troll Fighter on Dec 21, 2019.
             Was a High Priest of Makhleb.
             Killed by divine providence
             ... invoked by an orc priest
              (8 damage)
             ... on level 9 of the Dungeon.
             The game lasted 00:12:47 (6223 turns).

Mrkan the Grappler (Troll Fighter)                  Turns: 6223, Time: 00:12:47

Health: -3/104     AC:  9    Str: 26    XL:     10   Next: 60%
Magic:  13/13      EV:  9    Int: 11    God:    Makhleb [*****.]
Gold:   781        SH: 12    Dex:  9    Spells: 9/9 levels left

rFire    . . .     SeeInvis .     - Unarmed
rCold    . . .     Gourm    +   J - +2 shield
rNeg     . . .     Faith    .   (armour unavailable)
rPois    .         Spirit   .   (helmet restricted)
rElec    .         Reflect  .   n - +0 cloak
rCorr    .         Harm     .   (gloves unavailable)
MR       .....                  (boots unavailable)
Stlth    +.........             v - amulet of the acrobat
HPRegen  0.67/turn              u - +3 ring of intelligence
MPRegen  0.13/turn              (no ring)

@: no status effects
A: large, almost no armour, unfitting armour, claws 3, fast metabolism 3,
gourmand, regeneration 1, AC +8
a: Minor Destruction, Lesser Servant of Makhleb, Major Destruction, Greater
Servant of Makhleb, Renounce Religion


You were on level 9 of the Dungeon.
You worshipped Makhleb.
Makhleb was extremely pleased with you.
You were completely stuffed.

You visited 1 branch of the dungeon, and saw 9 of its levels.
You also visited: Ossuary.

You collected 781 gold pieces.

Inventory:

Missiles
 h - 46 javelins (quivered)
Armour
 n - a +0 cloak (worn)
 J - a +2 shield (worn)
Jewellery
 j - the ring of Phasing {EV+8}
   (You found it on level 8 of the Dungeon)

   [ring of evasion]

   It affects your evasion (+8).
 l - an uncursed ring of ice
 t - an uncursed ring of poison resistance {unknown}
 u - a +3 ring of intelligence (left claw)
 v - an amulet of the acrobat (around neck)
 y - a +5 amulet of reflection {unknown}
 D - an uncursed ring of wizardry {unknown}
Wands
 w - a wand of flame (21)
 F - a wand of iceblast (5)
Scrolls
 d - a scroll of vulnerability {unknown}
 e - 20 scrolls of identify
 g - 4 scrolls of amnesia {unknown}
 i - a scroll of immolation {unknown}
 k - 6 scrolls of teleportation {unknown}
 m - 2 scrolls of noise {unknown}
 r - 7 scrolls of remove curse {unknown}
 A - a scroll of magic mapping {unknown}
 B - a scroll of blinking {unknown}
 E - 2 scrolls of enchant weapon {unknown}
Potions
 b - 5 potions of might
 f - a potion of flight
 o - 3 potions of curing
 p - a potion of heal wounds
 q - 2 potions of cancellation {unknown}
 s - 3 potions of lignification
 x - 3 potions of mutation {unknown}
 z - 2 potions of brilliance {unknown}
 C - 2 potions of magic {unknown}
 G - a potion of haste
 H - a potion of agility
Comestibles
 c - 13 rations {!d}
 I - 16 chunks of flesh


   Skills:
 * Level 8.1 Fighting
 - Level 2.4 Dodging
 - Level 5.0 Shields
 - Level 9.8 Unarmed Combat
 + Level 6.3 Invocations


You had 9 spell levels left.
You didn't know any spells.
Your spell library was empty.

Dungeon Overview and Level Annotations

Branches:
Dungeon (9/12)             Temple (0/1) D:5
   Lair: D:7-9          Orc: D:8-11

Altars:
Gozag
Kikubaaqudgha
Makhleb
Nemelex Xobeh
Qazlal
Sif Muna
Uskayaw
Wu Jian
Xom
Zin
The Shining One

Shops:
D:4 [   D:7 (


Innate Abilities, Weirdness & Mutations

You cannot wear most types of armour.
Your thick skin is tough. (AC +8)
You are too large for most types of armour.
You have claws for hands.
Your metabolism is lightning-fast.
You like to eat raw meat.
Your natural rate of healing is unusually fast.


Message History

You claw the troll!
The troll is severely wounded.
The troll bites you!
* * * LOW HITPOINT WARNING * * *
You block the troll's attack. x2
You claw the troll!
You kill the troll!
Makhleb accepts your kill.
The troll leather armour is intact enough to wear.
Your Fighting skill increases to level 8!
The death yak gores you!!
* * * LOW HITPOINT WARNING * * *
Items here: ) [ †† a +0 troll leather armour; a +0 war axe; a troll corpse; an orc corpse You completely miss the death yak.
You block the death yak's attack.
You mangle the death yak!!
The death yak is moderately wounded.
The orc priest invokes the aid of Beogh against you.
Beogh smites you!
You die...

#....# #.# #....# #.# .
#....# #.# .. #....# #[#
... #....# #)# ....
#....# #.# ..... #....#
#)#
......####....#########.#
......{Y@..........)..)>#
.....#h########.#########
### #o. #.# #.. #.# #..
#.######### #..
#.#........ ###
#.#.#...... #.#.#.#####
#.#.#.##...


You could see a death yak, a howler monkey and an orc priest.

Vanquished Creatures
  Pikel (D:7)
  A centaur zombie (D:9)
  An elephant (D:9)
  A gargoyle (D:8)
  A troll (D:9)
  Prince Ribbit (D:7)
  2 hippogriffs (D:7)
  A shadow (D:7)
  A centaur simulacrum (D:6)
  A hungry ghost (D:6)
  A crocodile (D:6)
  Menkaure (D:4)
  An orc warrior (D:7)
  An ice beast (D:8)
  2 sky beasts
  2 black bears (D:8)
  3 ogres
  8 bullfrogs
  5 big kobolds
  A gnoll sergeant (D:9)
  A scorpion (D:5)
  3 killer bees (D:7)
  5 crimson imps
  A hound (D:6)
  2 jellies
  2 bullfrog skeletons
  2 orc priests
  2 centaur skeletons
  2 iguanas
  4 orc wizards
  4 worker ants
  A hound zombie (D:6)
  3 mummies (Ossuary)
  Robin (D:2)
  7 gnolls
  A worker ant zombie (D:6)
  10 adders
  A shadow imp (D:5)
  4 oozes
  3 adder skeletons
  2 adder zombies
  5 worms
  2 dart slugs (D:1)
  6 leopard geckos
  42 orcs
  5 bats
  4 giant cockroaches
  5 gnoll zombies (Ossuary)
  10 goblins
  15 hobgoblins
  6 jackals
  5 quokkas
  A ball python (D:1)
  5 frilled lizards
  3 gnoll skeletons (Ossuary)
  3 goblin skeletons (Ossuary)
  4 goblin zombies (Ossuary)
  A hobgoblin skeleton (Ossuary)
  2 hobgoblin zombies (Ossuary)
  A jackal skeleton (D:6)
  20 kobolds
  5 kobold skeletons (Ossuary)
  4 kobold zombies (Ossuary)
  3 orc skeletons (Ossuary)
  A quokka skeleton (D:5)
  A quokka zombie (D:5)
  A rat (D:2)
  3 rat skeletons (Ossuary)
  A rat zombie (Ossuary)
261 creatures vanquished.

Vanquished Creatures (others)
  A slave (D:7)
  A killer bee (D:7)
  A mummy (Ossuary)
  2 goblin skeletons (Ossuary)
  A goblin zombie (Ossuary)
  A hobgoblin skeleton (Ossuary)
  3 hobgoblin zombies (Ossuary)
  A kobold skeleton (Ossuary)
  A kobold zombie (Ossuary)
  3 orc skeletons (Ossuary)
  An orc zombie (Ossuary)
  3 rat zombies (Ossuary)
19 creatures vanquished.

Grand Total: 280 creatures vanquished

Notes
Turn   | Place    | Note
-------+----------+-------------------------------------------
     0 | D:1      | Mrkan the Troll Fighter began the quest for the Orb.
     0 | D:1      | Reached XP level 1. HP: 22/22 MP: 0/0
    17 | D:1      | Reached XP level 2. HP: 12/29 MP: 1/1
   405 | D:1      | Reached skill level 3 in Unarmed Combat
   509 | D:1      | Reached XP level 3. HP: 36/36 MP: 2/2
   676 | D:2      | Found a burning altar of Makhleb.
   693 | D:2      | Noticed Robin
   700 | D:2      | Became a worshipper of Makhleb the Destroyer
   710 | D:2      | Killed Robin
  1001 | D:2      | Found a faded altar of an unknown god.
  1012 | D:2      | Gained mutation: Your natural rate of healing is unusually
                  | fast. [Troll growth]
  1012 | D:2      | Reached XP level 4. HP: 35/44 MP: 3/3
  1018 | D:2      | Reached skill level 4 in Unarmed Combat
  1165 | D:2      | Reached * piety under Makhleb
  1565 | D:2      | Found a glowing golden altar of the Shining One.
  1616 | D:2      | Reached XP level 5. HP: 50/50 MP: 4/4
  2274 | D:3      | Reached skill level 5 in Unarmed Combat
  2579 | D:4      | Noticed Menkaure
  2592 | D:4      | Killed Menkaure
  2592 | D:4      | Reached XP level 6. HP: 39/59 MP: 5/5
  2705 | D:4      | Reached ** piety under Makhleb
  2737 | D:4      | Reached skill level 6 in Unarmed Combat
  2911 | D:4      | Found Ciorhoh's Antique Armour Shop.
  2934 | D:4      | Reached XP level 7. HP: 66/66 MP: 6/6
  3206 | D:5      | Entered Level 5 of the Dungeon
  3286 | D:5      | Reached skill level 7 in Unarmed Combat
  3592 | D:5      | Reached skill level 8 in Unarmed Combat
  3592 | D:5      | Reached XP level 8. HP: 57/74 MP: 7/7
  3693 | D:5      | Found a staircase to the Ecumenical Temple.
  3776 | D:6      | Found a sparkling altar of Nemelex Xobeh.
  3859 | D:6      | Reached *** piety under Makhleb
  3900 | D:6      | Reached skill level 9 in Unarmed Combat
  3945 | D:6      | Found an ornate altar of the Wu Jian Council.
  3971 | D:6      | Reached skill level 5 in Shields
  4298 | D:7      | Noticed a hippogriff
  4309 | D:7      | Killed a hippogriff
  4309 | D:7      | Reached skill level 1 in Invocations
  4309 | D:7      | Reached XP level 9. HP: 64/81 MP: 8/8
  4349 | D:7      | Found a hide-covered altar of Uskayaw.
  4471 | D:7      | Reached **** piety under Makhleb
  4505 | D:7      | Noticed Pikel
  4516 | D:7      | Killed Pikel
  4535 | D:7      | Found Jujac's Weapon Shoppe.
  4542 | D:7      | Noticed Prince Ribbit
  4547 | D:7      | Reached skill level 5 in Fighting
  4568 | D:7      | Killed Prince Ribbit
  4859 | D:7      | Reached XP level 10. HP: 100/100 MP: 12/12
  5048 | D:8      | Noticed a gargoyle
  5057 | D:8      | Killed a gargoyle
  5057 | D:8      | Reached skill level 5 in Invocations
  5063 | D:8      | Found the ring of Phasing {EV+8}
  5077 | D:8      | Found a sand-covered staircase.
  5135 | Ossuary  | Entered an ossuary
  5413 | Ossuary  | Reached ***** piety under Makhleb
  5751 | D:8      | Found a shimmering blue altar of Sif Muna.
  5758 | D:8      | Found a stormy altar of Qazlal.
  5765 | D:8      | Found an opulent altar of Gozag.
  5770 | D:8      | Found an ancient bone altar of Kikubaaqudgha.
  5777 | D:8      | Found a sparkling altar of Nemelex Xobeh.
  5782 | D:8      | Found a shimmering altar of Xom.
  5793 | D:8      | Found a glowing silver altar of Zin.
  6130 | D:9      | Noticed an elephant
  6142 | D:9      | Killed an elephant
  6218 | D:9      | Noticed a death yak
  6221 | D:9      | HP: 4/104 [death yak (25)]
  6223 | D:9      | Killed from afar by an orc priest

Skill      XL: |  1  2  3  4  5  6  7  8  9 10 |
---------------+-------------------------------+-----
Unarmed Combat | 3 4 5 6 8 9 |  9.8
Shields        | 3 4 5 |  5.0
Fighting       | 3 6 8 |  8.1
Invocations    | 1 4 6 |  6.3
Dodging        | |  2.4

Action                   |  1- 3 |  4- 6 |  7- 9 | 10-12 || total
-------------------------+-------+-------+-------+-------++-------
Melee: Unarmed           |    88 |   220 |   296 |   218 ||   822
  Use: Scroll            |       |     1 |       |       ||     1
       Potion            |       |       |     8 |       ||     8
 Stab: Sleeping          |       |       |     1 |       ||     1
  Eat: Chunk             |    10 |    14 |    17 |     9 ||    50
Armor: Skin              |    29 |    67 |   114 |    53 ||   263
Dodge: Dodged            |    39 |    66 |   110 |    76 ||   291
Block: Shield            |    40 |   110 |   135 |    96 ||   381
